[Event "Late-Titled-Tuesday-Blitz-May-14-2024"]
[Site "Chess.com"]
[Date "2024.05.14"]
[Round "6"]
[White "N_Mullodzhanov"]
[Black "MaxLeto"]
[Result "1-0"]
[WhiteElo "2589"]
[BlackElo "2384"]
[TimeControl "180+1"]
[EndTime "15:06:31 PDT"]
[Termination "N_Mullodzhanov won by checkmate"]

1. e4 c5 2. c3 Nf6 3. e5 Nd5 4. Nf3 Nc6 5. Bc4 e6 6. d4 d6 7.
O-O cxd4 8. cxd4 Be7 9. Qe2 O-O 10. Rd1 Na5 11. Bb5 a6 12. Ba4 b5 13. Bc2 Nb4 14. exd6 Qxd6 15. Be4 Bb7 16. Nc3 Bxe4 17. Qxe4 Rfd8 18.
Bg5 Nc4 19. Bxe7 Qxe7 20. d5 Nxb2 21. d6 Qf6 22. Qxb4 Nxd1 23. Rxd1 a5 24. Qb3 b4 25.
Ne4 Qf4 26. Qd3 a4 27. g3 Qf5 28. d7 h6 29. Kg2 e5 30. Qd5 Ra7 31. Nxe5 Qe6 32.
Qxe6 fxe6 33. Nc5 Rc7 34. Nxe6 Rdxd7 35. Nxd7 Rc2 36. Ne5 Rxa2 37. Rd8+ Kh7 38. Nf8+ Kg8 39. Nfg6+ Kh7 40. Rh8# 1-0

[Event "Late-Titled-Tuesday-Blitz-May-14-2024"]
[Site "Chess.com"]
[Date "2024.05.14"]
[Round "6"]
[White "FedaMaster"]
[Black "giovannibrandao7"]
[Result "1-0"]
[WhiteElo "2625"]
[BlackElo "2316"]
[TimeControl "180+1"]
[EndTime "15:06:31 PDT"]
[Termination "FedaMaster won on time"]

1. d4 Nf6 2. f3 g6 3. e4 d6 4. Be3 Bg7 5. Qd2 O-O 6. Bh6 Nc6 7. h4 e5 8. d5 Ne7 9. h5 Nxh5 10. Bxg7 Kxg7 11.
Ne2 f5 12. exf5 Nf4 13. Nxf4 exf4 14. Qd4+ Kg8 15. fxg6 Nxg6 16. Bd3 Bf5 17. Nc3 Qf6 18. Qxf6 Rxf6 19. O-O-O Bxd3 20. Rxd3 Ne5 21. Rd4 Kh8 22. Ne4 Rg6 23. Rh2 Rag8 24. Rd2 Nc4 25.
Re2 Ne3 26. b3 Rxg2 27. Rexg2 Rxg2 28. Rxg2 Nxg2 29. Ng5 Ne3 30. c4 c6 31. c5 Nxd5 32. cxd6 Nb6 33. Ne6 Kg8 34. Nxf4 Kf7 35. Kd2 h5 36.
Nxh5 Ke6 37. Kd3 Kxd6 38. Nf4 Ke5 39. Ke3 Nd7 40. Nd3+ Kd6 41. Kd4 Nf6 42. f4 b6 43.
b4 a6 44. a3 Nd5 45. f5 Nf6 46. Nf2 c5+ 47. Kc4 cxb4 48. axb4 Kc6 49. Nd3 Kd6 50.
Kd4 Nd7 51. Nb2 b5 52. Nd3 Nb8 53. Ne5 Ke7 54. Kd5 Kf6 55. Nc6 Nd7 56. Kd6 Nb6 57.
Nd4 Nc4+ 58. Kc5 a5 59. Kxb5 1-0

[Event "Late-Titled-Tuesday-Blitz-May-14-2024"]
[Site "Chess.com"]
[Date "2024.05.14"]
[Round "6"]
[White "ChristopherYoo"]
[Black "Dedic8"]
[Result "1/2-1/2"]
[WhiteElo "3010"]
[BlackElo "2929"]
[TimeControl "180+1"]
[EndTime "15:06:32 PDT"]
[Termination "Game drawn by agreement"]

1. e4 e5 2. Nf3 Nc6 3. Bb5 a6 4. Ba4 Nf6 5. O-O b5 6. Bb3 Bc5 7. c3 d6 8. d4 Bb6 9. a4 Rb8 10. a5 Ba7 11. h3 O-O 12. Be3 Ra8 13. Nbd2 h6 14. Re1 Re8 15. dxe5 Nxe5 16. Nxe5 Rxe5 17. Bxa7 Rxa7 18. f4 Re8 19. e5 dxe5 20. fxe5 Nh7 21. Ne4 Qe7 22. Qd4 Ra8 23. Qc5 Ng5 24. Qxe7 Rxe7 25. Bd5 Rb8 26. Nc5 b4 27. c4 Ne6 28.
Bxe6 Bxe6 29. Nxa6 Ra8 30. Nxb4 Bxc4 31. Rec1 Bb5 32. Rc5 Ba6 33. Rac1 Kh7 34. Kf2 Re6 35. g4 Rb8 36. Nxa6 Rxb2+ 37. Kg3 Rxa6 38. Rxc7 Rxa5 39.
Rxf7 Rxe5 40. Rcc7 Rg5 41. h4 Rb3+ 42. Rf3 Rxf3+ 43.
Kxf3 Ra5 44. h5 Ra3+ 1/2-1/2

[Event "Late-Titled-Tuesday-Blitz-May-14-2024"]
[Site "Chess.com"]
[Date "2024.05.14"]
[Round "6"]
[White "GoltsevDmitry2000"]
[Black "DominguezOnYoutube"]
[Result "0-1"]
[WhiteElo "2739"]
[BlackElo "3012"]
[TimeControl "180+1"]
[EndTime "15:06:33 PDT"]
[Termination "DominguezOnYoutube won by checkmate"]

1. e4 c5 2. Nf3 d6 3. d4 cxd4 4.
Nxd4 Nf6 5. Nc3 a6 6. Be2 e5 7. Nf5 d5 8. Bg5 d4 9. Bxf6 Qxf6 10. Nd5 Qd8 11. Bf3 Nc6 12. c3 g6 13. Ng3 h5 14.
O-O Bg7 15. Ne2 O-O 16. g3 Be6 17. cxd4 exd4 18. Nef4 Qd6 19. Rc1 Rad8 20. Qb3 Rd7 21.
Be2 Kh7 22. Qb6 Ra8 23. Qc5 Rf8 24. Qb6 Ra8 25. Qc5 Qxc5 26. Rxc5 Bxd5 27. Nxd5 Re8 28.
Bxa6 bxa6 29. Rxc6 Rxe4 30. Nb6 Rd8 31. Rd1 d3 32.
Nc4 Re2 33. Rxa6 Bd4 34. Rxd3 Bxf2+ 35. Kf1 Rde8 36. Rf6 Bc5 37. Rxf7+ Kh6 38. Rd5 Re1+ 39. Kg2 R8e2+ 40. Kh3 Rh1 41. g4 Rhxh2+ 42. Kg3 h4+ 43. Kf4 Rhf2# 0-1

[Event "Late-Titled-Tuesday-Blitz-May-14-2024"]
[Site "Chess.com"]
[Date "2024.05.14"]
[Round "6"]
[White "baki83"]
[Black "Javadovvv"]
[Result "1-0"]
[WhiteElo "2908"]
[BlackElo "2588"]
[TimeControl "180+1"]
[EndTime "15:06:34 PDT"]
[Termination "baki83 won by resignation"]

1. e4 e6 2. d4 d5 3. exd5 exd5 4. Bd3 Nc6 5. c3 Bd6 6. Ne2 Nf6 7. Bf4 O-O 8. Bxd6 Qxd6 9. h3 Re8 10. O-O Bd7 11. Nd2 Re7 12. Nf3 Rae8 13. Qc2 Ne4 14. Rae1 f5 15.
Qc1 Bc8 16. Bb5 Bd7 17. Bd3 Bc8 18. Bb5 Bd7 19. Nf4 a6 20. Ba4 g6 21. Nxd5 Rf7 22. Nf4 Kg7 23. Bxc6 Bxc6 24. Ne5 Rfe7 25. f3 Ng3 26.
Rf2 Rxe5 27. dxe5 Rxe5 28. Rxe5 Qxe5 29. Qd2 Bb5 30. Qd4 Kf6 31. Nd5+ Ke6 32. Qxe5+ Kxe5 33. Nxc7 Bc6 34. Rd2 f4 35. Kf2 Nf5 36. Na8 Ne3 37.
Nb6 Ke6 38. b3 h5 39. c4 g5 40. a4 g4 41. hxg4 hxg4 42. fxg4 Nxg4+ 43. Kg1 Ne3 44. Nd5 Nxd5 45. cxd5+ Bxd5 46. b4 f3 47. g3 Ke5 48.
Kf2 Be4 49. a5 Kf5 50. Ke3 Ke5 51. Rd4 Bc6 52. Rf4 Kd5 53. Rxf3 Kc4 54. Rf4+ Kb3 55. g4 1-0

[Event "Late-Titled-Tuesday-Blitz-May-14-2024"]
[Site "Chess.com"]
[Date "2024.05.14"]
[Round "6"]
[White "Individoom"]
[Black "banane_verte"]
[Result "1-0"]
[WhiteElo "2787"]
[BlackElo "2536"]
[TimeControl "180+1"]
[EndTime "15:06:34 PDT"]
[Termination "Individoom won on time"]

1. d4 Nf6 2. Nf3 d5 3. e3 Bf5 4. b3 e6 5. Bb2 c6 6. Bd3 Bg6 7. O-O Nbd7 8. Qe2 Bd6 9. Nbd2 Ne4 10. Ne5 Nxd2 11. Qxd2 Bxd3 12. cxd3 f6 13. Nxd7 Qxd7 14. f4 O-O 15. e4 Rae8 16. Rae1 e5 17. fxe5 fxe5 18.
Rxf8+ Kxf8 19. dxe5 Bc7 20. d4 dxe4 21. Qf4+ Kg8 22.
Qxe4 Qe6 23. Rf1 Bb6 24. Kh1 Rd8 25. h3 h6 26. Kh2 Bc7 27. Rf5 Re8 28. Qf3 Rd8 29.
Qg4 Qd7 30. Ba3 Bb6 31. Rf8+ Kh7 32. Qxd7 Rxd7 33. e6 Rxd4 34. e7 Bc7+ 35. Kg1 Bb6 36. Kf1 Re4 37. e8=Q Rxe8 38. Rxe8 Bd4 39. Ke2 Bc3 40.
Bd6 b6 41. Be5 c5 42. Bxc3 b5 43. Re7 b4 44. Rxg7+ 1-0

[Event "Late-Titled-Tuesday-Blitz-May-14-2024"]
[Site "Chess.com"]
[Date "2024.05.14"]
[Round "6"]
[White "jaramsdal"]
[Black "kinga2008"]
[Result "0-1"]
[WhiteElo "2360"]
[BlackElo "2536"]
[TimeControl "180+1"]
[EndTime "15:06:34 PDT"]
[Termination "kinga2008 won by checkmate"]

1. e4 c5 2. a3 d5 3. exd5 Qxd5 4. Nc3 Qd8 5. Nf3 Bg4 6. Be2 Nc6 7. O-O e6 8. d3 Nf6 9. Be3 Bd6 10. d4 Bxf3 11.
Bxf3 cxd4 12. Bxc6+ bxc6 13. Qxd4 O-O 14. Rad1 Be7 15.
Qc4 Qc8 16. Rd2 Qb7 17. Na4 Nd5 18. Bc5 Bxc5 19. Qxc5 Qb5 20. b3 Nf6 21. f3 Qb7 22. Rfd1 h6 23. h4 Qc7 24. Qd6 Qb7 25. Nc5 Qb6 26.
Kh1 Rad8 27. Qxd8 Rxd8 28. Rxd8+ Kh7 29. b4 a5 30. c3 Qb5 31. Nd7 Nxd7 32. R8xd7 axb4 33.
cxb4 Qa4 34. R1d3 Qc2 35. Kh2 Qc4 36. R3d4 Qc3 37. a4 e5 38. Rg4 h5 39. Rg5 Qxb4 40.
Rxf7 Qxh4+ 41. Kg1 Qxg5 42. a5 Qc1+ 43. Kh2 Qa3 44.
Ra7 c5 45. a6 c4 46. Ra8 c3 47. a7 c2 48. Rb8 c1=Q 49. a8=Q Qf4+ 50. Kh3 Qxa8 51. Rxa8 e4 52. Ra4 Qf5+ 53. g4 Qxf3+ 54. Kh4 Qxg4# 0-1

[Event "Late-Titled-Tuesday-Blitz-May-14-2024"]
[Site "Chess.com"]
[Date "2024.05.14"]
[Round "6"]
[White "becemix"]
[Black "GMthekingindian"]
[Result "1-0"]
[WhiteElo "2598"]
[BlackElo "2314"]
[TimeControl "180+1"]
[EndTime "15:06:35 PDT"]
[Termination "becemix won on time"]

1. e4 c5 2. c3 Nf6 3. e5 Nd5 4. d4 cxd4 5. cxd4 e6 6. Nc3 Nxc3 7. bxc3 Qc7 8. Bd2 d6 9. f4 b6 10. Nf3 Bb7 11. Bd3 Be7 12. O-O g6 13. a4 Nc6 14.
Qe2 Na5 15. exd6 Bxd6 16. Ne5 Nb3 17. Bb5+ Ke7 18. Rab1 Nxd2 19. Qxd2 Be4 20. Rbe1 f5 21. Bd3 Bxe5 22. fxe5 Bxd3 23. Qxd3 Rac8 24. Rc1 Qc4 25. Qe3 h6 26. h4 Qxa4 27. Ra1 Qd7 28. d5 exd5 29. e6 Qc7 30. Kh1 a5 31. h5 Qxc3 32. Qxb6 Rc7 33. hxg6 Rg8 34. Rxa5 Rxg6 35. Rxd5 Rxe6 36.
Qb8 Rc8 37. Qh2 Rf6 38. Qh4 Kf7 39. Rd7+ Ke6 40. Rfd1 Rc6 41. Rd8 1-0

[Event "Late-Titled-Tuesday-Blitz-May-14-2024"]
[Site "Chess.com"]
[Date "2024.05.14"]
[Round "6"]
[White "NMJeevanK"]
[Black "rasmussvane"]
[Result "0-1"]
[WhiteElo "2725"]
[BlackElo "2974"]
[TimeControl "180+1"]
[EndTime "15:06:36 PDT"]
[Termination "rasmussvane won by resignation"]

1. e4 c6 2. d4 d5 3. exd5 cxd5 4. Bd3 Nf6 5. c3 Bg4 6. Ne2 e6 7. O-O Bd6 8. Qe1 Qc7 9. f3 Bh5 10. Qh4 O-O 11. Bg5 Nbd7 12. Nf4 Bg6 13. Nxg6 hxg6 14.
Nd2 e5 15. dxe5 Nxe5 16. Bc2 Qb6+ 17. Kh1 Qxb2 18. Bb3 Qxc3 19. Rac1 Qb4 20. Bxf6 gxf6 21. Qxf6 Nd7 22. Qb2 Be5 23. Qc2 Nf6 24. Rce1 Bc3 25. Rd1 Rfe8 26. Nb1 Be5 27. Bxd5 Kg7 28. Be4 Rh8 29. f4 Qxe4 30. Qxe4 Nxe4 31. fxe5 Ng3+ 32. Kg1 Nxf1 33. Rxf1 Rae8 34. Nc3 Rxe5 35. Rb1 b6 36. g3 Rc8 37. Nb5 Rc2 38. Nd6 Ree2 39. h4 Rg2+ 40.
Kh1 Rxg3 41. Rf1 Rh3+ 42. Kg1 Rg3+ 43. Kh1 f5 44. a4 Rh3+ 45. Kg1 Rg3+ 46. Kh1 Rh3+ 47.
Kg1 Rxh4 48. a5 Rg4+ 49. Kh1 Rh4+ 50. Kg1 bxa5 51. Re1 Rd4 52. Ne8+ Kf7 53. Kh1 Rd8 0-1

[Event "Late-Titled-Tuesday-Blitz-May-14-2024"]
[Site "Chess.com"]
[Date "2024.05.14"]
[Round "6"]
[White "only_strong_moves"]
[Black "urano56"]
[Result "0-1"]
[WhiteElo "2656"]
[BlackElo "2442"]
[TimeControl "180+1"]
[EndTime "15:06:36 PDT"]
[Termination "urano56 won by resignation"]

1. Nc3 d5 2. e4 d4 3. Nce2 e5 4. c3 c5 5. Ng3 Nc6 6. Bc4 Nf6 7. Nf3 Bd6 8. O-O O-O 9. d3 h6 10. Nh4 Bg4 11. Qd2 Ne7 12. Qe1 Kh7 13. f4 exf4 14. Bxf4 Bxf4 15. Rxf4 Ng6 16. Nxg6 fxg6 17. e5 Qc7 18.
cxd4 cxd4 19. Rc1 Qb8 20. Rxd4 Re8 21. e6 b5 22. Bb3 Qb6 23. Qf2 Bxe6 24. Bxe6 Rxe6 25.
h3 Rae8 26. Kh2 Re3 27. Rf4 Qd6 28. Kh1 Qxd3 29. Rc7 Nd5 30. Rd7 Qb1+ 31. Qf1 Re1 32.
Rxd5 Rxf1+ 33. Nxf1 Qxb2 34. Rd7 Re1 35. Rff7 Qa1 36.
Kg1 g5 37. h4 gxh4 38. Rf4 Rd1 39. Rxa7 Rxf1+ 40. Rxf1 Qd4+ 41. Kh2 Qxa7 42. Rf7 Qxf7 0-1

[Event "Late-Titled-Tuesday-Blitz-May-14-2024"]
[Site "Chess.com"]
[Date "2024.05.14"]
[Round "6"]
[White "ZachHKL"]
[Black "Eliwood44"]
[Result "0-1"]
[WhiteElo "2301"]
[BlackElo "2439"]
[TimeControl "180+1"]
[EndTime "15:06:37 PDT"]
[Termination "Eliwood44 won by resignation"]

1. c4 e6 2. g3 d5 3. Bg2 dxc4 4.
Nf3 Nf6 5. O-O a6 6. Na3 Bxa3 7. bxa3 b5 8. a4 Bb7 9. Rb1 Bc6 10. Ba3 Nbd7 11. Qc1 Rb8 12. d3 Bxf3 13. Bxf3 cxd3 14. exd3 c5 15. axb5 axb5 16. Bxc5 Nxc5 17. Qxc5 Nd7 18. Qb4 Qe7 19. Bc6 Qxb4 20. Rxb4 Ke7 21. Rfb1 Nc5 22. d4 Rhc8 23. Bxb5 Ne4 24. Bd3 Rxb4 25. Rxb4 Nd6 26. Kf1 g6 27. Ke2 h5 28. h4 Kd7 29. Kd2 Rc7 30. a4 Ra7 31. Bc2 Ra5 32. Kc3 Kc6 33.
Bd1 Ne4+ 34. Kb3 Nxf2 35. Bf3+ Kd6 36. Rb6+ Ke7 37. Kb4 Rf5 38. Bc6 Nd3+ 39. Kc3 Nc1 40. Kb4 Ne2 41. a5 Rf1 42. Kb5 Nxd4+ 43. Ka6 Ra1 44.
Be4 f5 45. Bd3 e5 46. Rb4 Nc6 47. Rb5 e4 48. Be2 Kd6 49. Kb6 Ra3 50. a6 Rxg3 51. a7 Ra3 52. a8=Q Rxa8 53. Kb7 Rb8+ 54. Ka6 Rxb5 55. Kxb5 Nd4+ 56. Kc4 Nxe2 0-1

[Event "Late-Titled-Tuesday-Blitz-May-14-2024"]
[Site "Chess.com"]
[Date "2024.05.14"]
[Round "6"]
[White "IlyaGrigorjev"]
[Black "LeninGuerra"]
[Result "1-0"]
[WhiteElo "2867"]
[BlackElo "2675"]
[TimeControl "180+1"]
[EndTime "15:06:38 PDT"]
[Termination "IlyaGrigorjev won by resignation"]

1. c4 e5 2. Nc3 Bc5 3. Nf3 d6 4. g3 a6 5. Bg2 Ba7 6. O-O Nf6 7. d4 Nbd7 8. b3 O-O 9. Bb2 Re8 10. e4 b5 11. cxb5 axb5 12. Nxb5 Ba6 13. Nxa7 Rxa7 14. Re1 Qa8 15. dxe5 dxe5 16. Qc2 Bb7 17. Nd2 h6 18.
f3 Ba6 19. Bf1 Bxf1 20. Rxf1 Nb6 21. a4 Re6 22. Rac1 h5 23. h4 Qe8 24. Rfd1 Nh7 25. Kg2 g5 26. hxg5 Nxg5 27. Rh1 Rh6 28. Qc5 f6 29. Nf1 Ne6 30. Qe3 Qg6 31. Kf2 Ra8 32. Rc6 Kf7 33. Bc3 h4 34. Rxh4 Rxh4 35. gxh4 Nf4 36. Rxc7+ Kg8 37. Ng3 Nc8 38. Qd2 Nh3+ 39.
Kg2 Nf4+ 40. Kh2 Ne6 41. Qd5 Qe8 42. Rc6 Kf7 43. Rxe6 Qxe6 44. Qxa8 Nd6 45. Qd5 1-0

[Event "Late-Titled-Tuesday-Blitz-May-14-2024"]
[Site "Chess.com"]
[Date "2024.05.14"]
[Round "6"]
[White "FabianoCaruana"]
[Black "chenxiaoyuer"]
[Result "1-0"]
[WhiteElo "3079"]
[BlackElo "2894"]
[TimeControl "180+1"]
[EndTime "15:06:40 PDT"]
[Termination "FabianoCaruana won by checkmate"]

1. c4 Nf6 2. Nc3 g6 3. e4 d6 4. d4 Bg7 5. h3 e5 6. d5 Na6 7. Be3 Nc5 8. Qc2 a5 9. Nf3 O-O 10. g4 c6 11. Nd2 a4 12. Be2 Bd7 13.
f3 Qa5 14. a3 cxd5 15. cxd5 b5 16. Kf2 b4 17. Nc4 Qc7 18. axb4 Nb3 19. Ra3 Nd4 20.
Qd2 Rfb8 21. b5 Bxb5 22. Nxb5 Rxb5 23. Nxe5 dxe5 24. Bxd4 exd4 25. Bxb5 Rb8 26. Bxa4 d3 27. b4 Qa7+ 28. Kg2 Rc8 29. Qxd3 Qc7 30. Bc6 h5 31. b5 Qe5 32. Qc3 Qf4 33. Qe3 Qe5 34. Ra2 g5 35. b6 Bf8 36. b7 Rb8 37. h4 Bd6 38. Qxg5+ Qxg5 39. hxg5 Nh7 40. Rxh5 Bf4 41. Ra8 Kg7 42.
Rxb8 Bxb8 43. Kf1 Nf8 44. Ke2 Ng6 45. Rh1 Nf4+ 46. Kd2 Ng6 47. Ra1 Ne5 48. Ra8 Nxf3+ 49. Ke3 Nxg5 50. Rxb8 Nxe4 51. Kxe4 Kf6 52. Rg8 Ke7 53.
b8=Q Kf6 54. Qd8# 1-0

[Event "Late-Titled-Tuesday-Blitz-May-14-2024"]
[Site "Chess.com"]
[Date "2024.05.14"]
[Round "6"]
[White "Umumba_FM"]
[Black "StoreySniper"]
[Result "0-1"]
[WhiteElo "2666"]
[BlackElo "2523"]
[TimeControl "180+1"]
[EndTime "15:06:41 PDT"]
[Termination "StoreySniper won by resignation"]

1. Nc3 g6 2. d4 Bg7 3. e4 c5 4.
Be3 Qa5 5. Ne2 Nf6 6. Qd2 Nc6 7. h3 cxd4 8. Nxd4 Nxe4 9. Nxe4 Qxd2+ 10. Kxd2 Nxd4 11. c3 Nf5 12. Bf4 d5 13. Nc5 O-O 14.
g4 Nd6 15. Bxd6 exd6 16. Nd3 d4 17. c4 Be6 18. b3 d5 19. c5 f5 20. g5 f4 21. Re1 Bf5 22. Bg2 Bxd3 23. Kxd3 f3 24. Bf1 Rae8 25. Rxe8 Rxe8 26. Kd2 Re4 27. Bd3 Rh4 28.
b4 Be5 29. b5 Bf4+ 30. Kc2 Bxg5 31. c6 bxc6 32. bxc6 Bd8 33. Re1 Kf7 34. Re5 Rh5 35. Rxh5 gxh5 36. Bxh7 Ke6 37. Bg6 Kd6 38. Bxh5 Kxc6 39. Bxf3 Bh4 40. Kd3 Kc5 41. Ke2 Kc4 42. Bg4 d3+ 43. Ke1 Kc3 44. Bd1 Kb2 45. Bb3 Kc1 46. Ba4 d4 47. Bb3 a5 48. Ba4 Be7 49.
Bb3 Bb4+ 50. Kf1 d2 51. h4 d1=Q+ 52. Bxd1 Kxd1 53. h5 Bf8 54. f4 d3 55. f5 d2 56. f6 0-1

[Event "Late-Titled-Tuesday-Blitz-May-14-2024"]
[Site "Chess.com"]
[Date "2024.05.14"]
[Round "6"]
[White "KNVB"]
[Black "Roberz12"]
[Result "1-0"]
[WhiteElo "2820"]
[BlackElo "2573"]
[TimeControl "180+1"]
[EndTime "15:06:42 PDT"]
[Termination "KNVB won by resignation"]

1. d4 g6 2. e4 Bg7 3. c4 d6 4. Nc3 e5 5. Nge2 exd4 6. Nxd4 Nf6 7. Be2 O-O 8. O-O Re8 9. f3 Nc6 10. Be3 Ne5 11. Qd2 a6 12. Rfd1 Be6 13. b3 Nc6 14. Rac1 Nxd4 15. Bxd4 Nd7 16. Bxg7 Kxg7 17. Nd5 Bxd5 18.
cxd5 Rc8 19. Rc3 Re7 20. Rdc1 a5 21. a3 b6 22. Ba6 Ra8 23. Rxc7 Nc5 24. Rxe7 Qxe7 25.
Bb5 Qe5 26. Qc3 Qxc3 27. Rxc3 a4 28. b4 Nb3 29. Bxa4 Nd4 30. Bd1 Nb5 31. Rc6 Rxa3 32. Rxb6 Nc3 33. Bc2 Ra1+ 34. Kf2 Ra2 35. Ke3 Rxc2 36.
Kd3 Na4 37. Ra6 Ra2 38. Kc4 Kf8 39. b5 Nb2+ 40. Kb3 Rxa6 41. bxa6 Nd3 42. a7 Nc5+ 43. Ka2 Na6 44. a8=Q+ 1-0

[Event "Late-Titled-Tuesday-Blitz-May-14-2024"]
[Site "Chess.com"]
[Date "2024.05.14"]
[Round "6"]
[White "betta2004"]
[Black "DreamsAreFake"]
[Result "1-0"]
[WhiteElo "2542"]
[BlackElo "2737"]
[TimeControl "180+1"]
[EndTime "15:06:42 PDT"]
[Termination "betta2004 won by resignation"]

1. Nf3 Nf6 2. e3 b6 3. b3 Bb7 4. Bb2 g6 5. d4 Bg7 6. Nbd2 O-O 7.
Bd3 d6 8. O-O c5 9. c4 e6 10.
Qc2 Qe7 11. e4 cxd4 12. Nxd4 Nc6 13. a3 Rac8 14. Rad1 Nxd4 15. Bxd4 d5 16. exd5 exd5 17. Rfe1 Qxa3 18. Ra1 Qd6 19. Be5 Qc6 20. Bf1 a5 21. Qb2 dxc4 22. Nxc4 Nh5 23. Bxg7 Nxg7 24. Rac1 Qc5 25. Re5 Qb4 26. Re3 Nf5 27. Rh3 a4 28.
Ne5 a3 29. Qa1 Qd4 30. Qxd4 Nxd4 31. Ra1 Nc2 32. Ra2 Rfe8 33. Nc4 Nb4 34. Rxa3 b5 35. Nd6 Re1 36. Nxc8 Bxc8 37. Ra8 Rc1 38. Re3 Kg7 39. f3 Be6 40. Kf2 Nd5 41. Re1 Rc2+ 42. Kg3 Nf6 43. h4 Nh5+ 44. Kh2 Bxb3 45. Bxb5 Nf4 46. Bf1 Bd5 47. Re3 h5 48. Kg3 Ne6 49. Ra5 Bc6 50. Ra6 Nd4 51. Bd3 Rc3 52. Kf2 Rb3 53. Be4 Bb5 54.
Rxb3 Nxb3 55. Rb6 Nd4 56. Ke3 Nc2+ 57. Bxc2 1-0

[Event "Late-Titled-Tuesday-Blitz-May-14-2024"]
[Site "Chess.com"]
[Date "2024.05.14"]
[Round "6"]
[White "Atanejhad"]
[Black "OriTaichman"]
[Result "0-1"]
[WhiteElo "2478"]
[BlackElo "2644"]
[TimeControl "180+1"]
[EndTime "15:06:43 PDT"]
[Termination "OriTaichman won by resignation"]

1. d4 Nf6 2. c4 g6 3. Nc3 Bg7 4. e4 O-O 5. f3 Nc6 6. Be3 e5 7. Nge2 exd4 8. Nxd4 Ne5 9. Qd2 c6 10. O-O-O d5 11. cxd5 cxd5 12. f4 Neg4 13. e5 Nxe3 14. Qxe3 Ng4 15. Qf3 f6 16. e6 f5 17. h3 Nf6 18. g4 Ne4 19. gxf5 gxf5 20. Rg1 Kh8 21.
Kb1 Nxc3+ 22. Qxc3 Qf6 23. Qe3 Re8 24. Rxg7 Kxg7 25. Bd3 Bxe6 26. Qf2 Kh8 27. Nf3 d4 28. Ne5 Rad8 29. Rg1 Rg8 30. Rxg8+ Bxg8 31. Qg1 Qe6 32. Bc4 Qf6 33. Bxg8 Rxg8 34. Qxd4 Rg7 35. Qd5 h6 36. Qc5 a6 37. Qc8+ Kh7 38. Kc2 b5 39. a3 a5 40. Kb3 a4+ 41. Kb4 Qd6+ 42. Kxb5 Qd5+ 43. Qc5 Rb7+ 44. Kxa4 Qxc5 0-1

[Event "Late-Titled-Tuesday-Blitz-May-14-2024"]
[Site "Chess.com"]
[Date "2024.05.14"]
[Round "6"]
[White "ChadBiryani"]
[Black "Kira170"]
[Result "0-1"]
[WhiteElo "2555"]
[BlackElo "2760"]
[TimeControl "180+1"]
[EndTime "15:06:44 PDT"]
[Termination "Kira170 won by resignation"]

1. d4 e6 2. Bf4 f5 3. g4 fxg4 4. e4 d6 5. Nc3 Nf6 6. Qd2 Be7 7. O-O-O a6 8. h3 g3 9. fxg3 O-O 10. Bd3 b5 11. Nf3 Bb7 12. Qe3 b4 13. Ne2 Nh5 14. Ng5 Qd7 15. Rhf1 Nxf4 16. gxf4 Bxg5 17. fxg5 Nc6 18.
e5 Ne7 19. Ng3 Bd5 20. Qe2 a5 21. Qh5 g6 22. Qg4 Nf5 23. Nxf5 exf5 24. Qf4 Bxa2 25.
h4 Bd5 26. h5 a4 27. hxg6 hxg6 28. Rh1 a3 29. Rh6 Qg7 30. bxa3 bxa3 31. Kd2 a2 32. Ra1 Rfb8 33. exd6 cxd6 34. Qxd6 Bf7 35. Bc4 Rd8 36.
Qxg6 Bxc4 37. Qxg7+ Kxg7 38. Rf6 Rxd4+ 39. Kc3 Rf4 40. Kb4 Bf7+ 41. Kc3 Rb8 42. Ra6 Rb1 43.
R1xa2 Bxa2 44. Rxa2 Rb7 45. Ra7 Rxa7 0-1

[Event "Late-Titled-Tuesday-Blitz-May-14-2024"]
[Site "Chess.com"]
[Date "2024.05.14"]
[Round "6"]
[White "PapaieDudu"]
[Black "rhungaski"]
[Result "0-1"]
[WhiteElo "2376"]
[BlackElo "2544"]
[TimeControl "180+1"]
[EndTime "15:06:44 PDT"]
[Termination "rhungaski won on time"]

1. Nf3 g6 2. d4 Bg7 3. c4 d6 4. Nc3 c5 5. e3 Nc6 6. Be2 Bg4 7. O-O Nf6 8. h3 Bd7 9. d5 Na5 10. Qc2 a6 11. b3 Rb8 12. Bb2 b5 13. Rad1 O-O 14. Ba1 bxc4 15. bxc4 Rb4 16. Nd2 Qc7 17. e4 e5 18. dxe6 Bxe6 19. Nd5 Bxd5 20. cxd5 Re8 21.
Bc3 Qe7 22. Bxb4 cxb4 23. Bxa6 Nh5 24. Nc4 Nxc4 25. Qxc4 Nf4 26. Kh1 Qg5 27. Rg1 Bc3 28.
Bc8 Qd8 29. Bg4 h5 30. Bf3 Qf6 31. Kh2 g5 32. Qc6 Rf8 33. a3 Nxh3 34. gxh3 Qxf3 35. Rxg5+ Kh7 36. Rdg1 Qxf2+ 37. R5g2 Be5+ 38. Kh1 Qf3 0-1

[Event "Late-Titled-Tuesday-Blitz-May-14-2024"]
[Site "Chess.com"]
[Date "2024.05.14"]
[Round "6"]
[White "OK97"]
[Black "jinbojinbo"]
[Result "0-1"]
[WhiteElo "2873"]
[BlackElo "2659"]
[TimeControl "180+1"]
[EndTime "15:06:48 PDT"]
[Termination "jinbojinbo won on time"]

1. d4 f5 2. Bf4 Nf6 3. e3 e6 4. Be2 d5 5. Nf3 c5 6. O-O cxd4 7. exd4 Be7 8. c4 O-O 9. Nc3 Nc6 10. Rc1 Ne4 11.
cxd5 exd5 12. Nxd5 Bd6 13. Bxd6 Qxd6 14. Nc3 Kh8 15.
d5 Ne7 16. Bc4 a6 17. Qd4 b5 18. Bb3 Ng6 19. Nxe4 fxe4 20. Qxe4 Bf5 21. Qe3 Rae8 22. Qc5 Qf6 23. Qc3 Qd8 24. Qc7 Qf6 25. Rce1 Rc8 26. Qg3 Bd3 27. Re6 Qxb2 28. Rfe1 Nf4 29. Re7 Ne2+ 30. R1xe2 Bxe2 31. h4 Bxf3 32. gxf3 Qf6 33. d6 Rcd8 34. Re6 Qxf3 35. Qxf3 Rxf3 36. d7 g6 37. Rd6 Kg7 38. Be6 Rf6 39. f4 Kf8 40. Rc6 Ke7 41. Bd5 Rxc6 42. Bxc6 Rf8 43. Kg2 Rxf4 44.
Kg3 Rd4 45. Kf3 Kd8 0-1

[Event "Late-Titled-Tuesday-Blitz-May-14-2024"]
[Site "Chess.com"]
[Date "2024.05.14"]
[Round "6"]
[White "Roedor"]
[Black "ritanovikova"]
[Result "1-0"]
[WhiteElo "2381"]
[BlackElo "2149"]
[TimeControl "180+1"]
[EndTime "15:06:48 PDT"]
[Termination "Roedor won by checkmate"]

1. Nf3 Nf6 2. c4 g6 3. g3 Bg7 4. Bg2 O-O 5. O-O Re8 6. Nc3 e5 7. d3 c6 8. e4 d5 9. cxd5 cxd5 10. Bg5 d4 11. Nd5 h6 12. Nxf6+ Bxf6 13. Bxh6 Bg4 14. Qd2 Nc6 15. Rac1 Qd7 16. Bg5 Bg7 17. Bh6 Bf6 18. Ng5 Rac8 19. f3 Be6 20. Nxe6 Qxe6 21. h4 Qxa2 22.
Bh3 Rcd8 23. Ra1 Qb3 24. Ra3 Qb6 25. Rc1 a6 26. h5 Be7 27. hxg6 fxg6 28. Bg5 Bxa3 29.
Bxd8 Qxd8 30. bxa3 Qe7 31. Rb1 b5 32. Rc1 Nd8 33. Qh6 Qg7 34. Qg5 Nf7 35. Qd2 Qf6 36. Bg4 Kg7 37. Rc7 Kf8 38. Qb4+ Kg8 39. Qb3 Kf8 40. Qd5 Ng5 41. Kg2 Re7 42. Qd8+ Kf7 43.
Rc5 Ne6 44. Bxe6+ Qxe6 45. Qh8 Qa2+ 46. Kh3 Qf2 47. Qh7+ Ke6 48. Qxg6+ Kd7 49. Qc6+ Kd8 50. Qc8# 1-0

[Event "Late-Titled-Tuesday-Blitz-May-14-2024"]
[Site "Chess.com"]
[Date "2024.05.14"]
[Round "6"]
[White "PNEPaul"]
[Black "ChEsper99"]
[Result "0-1"]
[WhiteElo "1915"]
[BlackElo "2242"]
[TimeControl "180+1"]
[EndTime "15:06:48 PDT"]
[Termination "ChEsper99 won on time"]

1. e4 c6 2. d4 d5 3. Nc3 dxe4 4. f3 e5 5. d5 Nf6 6. fxe4 Bb4 7. Bg5 h6 8. Bxf6 Qxf6 9. Nf3 Bg4 10. Be2 Bxc3+ 11.
bxc3 cxd5 12. Qxd5 Nc6 13. O-O Bxf3 14. Rxf3 Qe7 15.
Raf1 f6 16. Bb5 Rd8 17. Qb3 a6 18. Bxc6+ bxc6 19. Qb6 O-O 20. Qxc6 Rc8 21. Qxa6 Kh8 22. Qa4 Ra8 23. Qb3 Rfb8 24. Qc4 Rc8 25. Qd3 Rxa2 26. h3 Raa8 27. c4 Qc5+ 28. Kh2 Qxc4 29. Qxc4 Rxc4 30. Rg3 Rxe4 31. Rd1 Ra7 32. Rd8+ Kh7 33.
Rc8 Rb4 34. c4 Rbb7 35. c5 Rc7 36. Rxc7 Rxc7 37. Rc3 Kg6 38. Kg3 f5 39. Kf3 Kf6 40. g4 g6 41. gxf5 gxf5 42. Ke3 Ke6 43. Kd3 Kd5 0-1

[Event "Late-Titled-Tuesday-Blitz-May-14-2024"]
[Site "Chess.com"]
[Date "2024.05.14"]
[Round "6"]
[White "Anton_Demchenko"]
[Black "Leebit02"]
[Result "0-1"]
[WhiteElo "2848"]
[BlackElo "2602"]
[TimeControl "180+1"]
[EndTime "15:06:49 PDT"]
[Termination "Leebit02 won by resignation"]

1. e4 e5 2. Nf3 Nc6 3. Bc4 Bc5 4. d3 d6 5. c3 Nf6 6. Bg5 h6 7. Bh4 a5 8. Nbd2 Ba7 9. a4 Qe7 10. O-O g5 11. Bg3 Bg4 12. Qc2 Nh5 13. Kh1 Nf4 14. Bxf4 gxf4 15. Bb5 O-O 16. h3 Bd7 17. d4 exd4 18. cxd4 Nxd4 19. Nxd4 Bxd4 20. Qxc7 Rfd8 21. Rac1 Bxb2 22. Rb1 Bf6 23. Qxb7 Rab8 24. Qc7 Bxb5 25. Qxe7 Bxe7 26. axb5 d5 27. Nb3 Bb4 28. Nd4 dxe4 29. Nc6 Rdc8 30. Nxb8 Rxb8 31. Rfc1 Rxb5 32. Rc4 f5 33. Rd1 Kg7 34. Rc6 Rb7 35. Ra6 Re7 36.
Rc6 e3 37. fxe3 fxe3 38. Rcc1 e2 39. Re1 Bxe1 40. Rxe1 a4 41. Kg1 a3 42. Kf2 a2 43.
g3 Kg6 44. Ra1 e1=Q+ 45. Rxe1 Rxe1 46. Kxe1 a1=Q+ 0-1